Cogmind - Beta 12 @@@ ROGUE MODE // 2023.09.23 @ 16:47:37 Player: Zirov Result: Self-destructed Performance ------------- Evolutions (2) 1000 Regions Visited (7) 1400 Robots Destroyed (74) 370 Value Destroyed (1648) 1648 Prototype IDs (29) 580 Alien Tech Used (0) 0 Bonus (431) 431 TOTAL SCORE: 5429 Bonus ------- Follower Combat Kills 151 Aligned with FarCom 300 Friendly Fire -20 Cogmind --------- Core Integrity 517/550 Matter 240/300 Energy 160/160 System Corruption 0% Temperature Cool (0) Movement Flying (50) Location -8/Materials Parts ------- > --- POWER (1) -------- Light Nuclear Core > --- PROPULSION (4) --- Flying Fortress v7 > --- UTILITY (4) ------ Medium Storage Unit Melee Analysis Suite Reaction Control System Hacking Suite > --- WEAPON (2) ------- Missile Launcher Mace > --- INVENTORY (10) --- Improved Cesium-ion Thruster Weight Redist. System Advanced Visual Processing Unit Improved Terrain Scanner Improved Terrain Scan Processor ECM Suite System Shield System Shield Spread Laser Improved Datajack Peak State ------------ > --- POWER ------------ Light Nuclear Core > --- PROPULSION ------- Flying Fortress v7 > --- UTILITY ---------- Medium Storage Unit Melee Analysis Suite Hacking Suite System Shield > --- WEAPON ----------- Missile Launcher Mace > --- INVENTORY -------- Improved Cesium-ion Thruster Medium Battery Weight Redist. System Improved Terrain Scanner ECM Suite Reaction Control System Weapon Shielding System Shield Spread Laser [Rating: 52] Favorites ----------- Power Light Nuclear Core Engine Improved Ion Engine Power Core Light Nuclear Core Propulsion Aluminum Leg Treads Light Treads Leg Aluminum Leg Wheel Wheel Flight Unit Flying Fortress v7 Utility Cooling System Device Cooling System Storage Medium Storage Unit Processor Melee Analysis Suite Hackware Hacking Suite Protection Weapon Shielding Weapon Spread Laser Energy Gun Spread Laser Ballistic Gun Light Assault Rifle Launcher Missile Launcher Impact Weapon Mace Build | -11 -10 -10 -9 -9 -9 -8 -8 ------- Run | Jun Mat Min Mat Min Exi Min Mat Slots Evolved 4 | . . . 2 . . . 2 Power . | . . . . . . . . Propulsion 2 | . . . 1 . . . 1 Utility 2 | . . . 1 . . . 1 Weapon . | . . . . . . . . Parts Attached 71 | 9 19 2 19 5 4 4 9 Power 7 | 1 3 . 1 1 1 . . Engine 5 | 1 3 . 1 . . . . Core 2 | . . . . 1 1 . . Reactor . | . . . . . . . . Propulsion 30 | 2 9 2 10 3 . 3 1 Treads 1 | . . . 1 . . . . Leg 25 | 2 9 2 9 3 . . . Wheel 3 | . . . . . . 3 . Hover . | . . . . . . . . Flight 1 | . . . . . . . 1 Utility 16 | 2 3 . 4 1 1 . 5 Device 8 | 2 3 . 1 . . . 2 Storage 1 | . . . 1 . . . . Processor 2 | . . . 1 . . . 1 Hackware 2 | . . . . . . . 2 Protection 3 | . . . 1 1 1 . . Artifact . | . . . . . . . . Weapon 18 | 4 4 . 4 . 2 1 3 Energy Gun 12 | 3 3 . 4 . 1 . 1 Energy Cannon . | . . . . . . . . Ballistic Gun 1 | 1 . . . . . . . Ballistic Cannon . | . . . . . . . . Launcher 3 | . . . . . 1 1 1 Special Weapon . | . . . . . . . . Impact Weapon 2 | . 1 . . . . . 1 Slashing Weapon . | . . . . . . . . Piercing Weapon . | . . . . . . . . Special Melee Weapon . | . . . . . . . . Unidentified Prototypes 2 | . . . 2 . . . . Parts Lost 7 | . . . . 7 . . . Power 1 | . . . . 1 . . . Propulsion 3 | . . . . 3 . . . Utility 1 | . . . . 1 . . . Weapon 2 | . . . . 2 . . . Highest Loss Streak 7 | . . . . 7 . . . To Critical Strikes . | . . . . . . . . Average Slot Usage (%) 92 | . 99 100 98 95 68 97 71 Engine 8 | . 14 14 11 7 . . . Core 3 | . . . . 2 11 11 9 Leg 21 | . 28 28 31 32 22 7 . Wheel 3 | . . . . . . 25 . Flight 1 | . . . . . . . 9 Device 20 | . 27 28 22 20 11 11 10 Storage 6 | . . . 9 11 11 11 9 Hackware 1 | . . . . . . . 10 Protection 2 | . . . 1 1 11 11 2 Energy Gun 18 | . 27 28 22 19 1 11 2 Launcher 2 | . . . . . . 9 6 Impact Weapon 1 | . . . . . . . 9 Naked Turns . | . . . . . . . . Heaviest Build 29 | 10 17 17 29 29 22 27 25 Greatest Support 50 | 20 20 20 30 30 23 32 50 Greatest Overweight (x) 2 | . . . 1 . . 2 . Average Overweight (x) . | . . . . . . . . Largest Inventory Capacity 10 | 5 5 5 10 10 10 10 10 Average Capacity 7 | 5 5 5 9 10 10 10 10 Most Carried 10 | 1 5 5 10 10 10 10 10 Average Carried 7 | . 4 5 8 9 7 9 9 Final Capacity 10 | 5 5 5 10 10 10 10 10 Final Carried 10 | 1 5 5 10 7 9 10 10 Class Distribution -------------------- 83% | Mutant 7% | Scavenger-Mutant 6% | Hacker-Mutant Dominant Class ---------------- Mutant | -10/Materials Mutant | -10/Mines Mutant | -9/Materials Mutant | -9/Mines Mutant | -9/Exiles Mutant | -8/Mines Hacker-Mutant | -8/Materials Resources | -11 -10 -10 -9 -9 -9 -8 -8 ----------- Run | Jun Mat Min Mat Min Exi Min Mat Matter Collected 1004 | 298 195 20 190 20 . 91 190 Remotely . | . . . . . . . . Salvage Created 1686 | 174 457 157 513 159 . 14 212 Parts 135 | 8 43 8 42 10 . 11 13 Haulers Intercepted 4 | . 2 . 2 . . . . Recyclers Shooed 1 | . . . . 1 . . . Parts Field Recycled . | . . . . . . . . Retrieved Matter . | . . . . . . . . Parts Self-Destructed . | . . . . . . . . Prevented . | . . . . . . . . Kills | -11 -10 -10 -9 -9 -9 -8 -8 ------- Run | Jun Mat Min Mat Min Exi Min Mat Combat Hostiles Destroyed 56 | . 10 5 18 5 . 8 10 Melee 3 | . . . . . . . 3 Guns 38 | . 10 5 18 5 . . . AOE 14 | . . . . . . 8 6 Classes Destroyed 10 | 2 5 1 2 . . . . Worker 3 | . 2 . . . . . 1 Tunneler 4 | 3 . . . . . 1 . Hauler 4 | . 2 . 2 . . . . Recycler 3 | 1 1 . . 1 . . . Operator 1 | . 1 . . . . . . Watcher 3 | . 3 . . . . . . Swarmer 24 | . . . 7 3 . 8 6 Grunt 22 | . 10 4 6 2 . . . Brawler 1 | . . . 1 . . . . Sentry 9 | . . 1 4 . . . 4 Best Kill Streak 7 | 3 4 2 4 3 . 4 7 Combat Bots Only 6 | . 3 2 4 3 . 4 6 Max Kills in Single Turn 2 | 1 2 1 1 1 . 2 2 Gunslinging . | . . . . . . . . Exploded 2 | . . . . . . 2 2 Melee 1 | . . . . . . . 1 Uniques/NPCs Destroyed . | . . . . . . . . Combat | -11 -10 -10 -9 -9 -9 -8 -8 -------- Run | Jun Mat Min Mat Min Exi Min Mat Damage Taken 2319 | . 382 290 252 990 . 77 328 Core 350 | . 46 72 67 132 . . 33 Absorbed by Shields . | . . . . . . . . Redirected to Shielding 7 | . . . . . . 7 . Core Remaining (%) 67 | 100 . 52 . . . 50 . Volleys Fired 130 | 17 37 13 37 11 . 10 5 Largest 2 | 2 2 2 2 2 . 1 1 Hottest 130 | 80 130 130 130 130 . 65 36 Shots Fired 237 | 28 72 26 74 22 . 10 5 Gun 225 | 28 72 26 74 22 . 3 . Cannon . | . . . . . . . . Launcher 12 | . . . . . . 7 5 Special . | . . . . . . . . Kinetic 13 | 13 . . . . . . . Thermal 197 | . 72 26 74 22 . 3 . Explosive 12 | . . . . . . 7 5 Electromagnetic 15 | 15 . . . . . . . Robot Hit Streak 18 | 11 16 12 18 9 . 4 . Robot Miss Streak 7 | 2 4 6 5 7 . 3 . Penetration Max . | . . . . . . . . Secondary Targets 2 | . . 1 1 . . . . Max Gunslinging Chain 1 | . . 1 1 . . . . Shots Hit Robots 222 | 18 62 24 69 20 . 6 23 Core Hits 256 | 6 86 32 81 27 . 12 12 Critical Kills 1 | . . . . . . . 1 Critical Parts Destroyed 3 | . . . . . . . 3 Critical Strikes 5 | . . . . . . . 5 Smash 5 | . . . . . . . 5 Melee Attacks 41 | . . . . . . . 41 Impact 41 | . . . . . . . 41 Slashing . | . . . . . . . . Piercing . | . . . . . . . . Sneak Attacks . | . . . . . . . . Combat Hostiles . | . . . . . . . . Follow-up Attacks . | . . . . . . . . Damage Inflicted 4476 | 193 930 347 896 287 . 813 1010 Guns 2639 | 193 930 347 884 260 . 25 . Cannons . | . . . . . . . . Explosions 1131 | . . . . . . 788 343 Melee 667 | . . . . . . . 667 Ramming 39 | . . . 12 27 . . . Kinetic 75 | 75 . . . . . . . Thermal 2446 | . 930 347 884 260 . 25 . Explosive 1131 | . . . . . . 788 343 Electromagnetic 118 | 118 . . . . . . . Impact 667 | . . . . . . . 667 Slashing . | . . . . . . . . Piercing . | . . . . . . . . Highest Corruption . | . . . . . . . . Average Corruption . | . . . . . . . . Corruption Purged . | . . . . . . . . Corruption Blocked . | . . . . . . . . Overload Shots . | . . . . . . . . Overflow Damage 164 | . . . . . . 70 94 Projectiles . | . . . . . . . . Explosions 76 | . . . . . . 70 6 Melee 88 | . . . . . . . 88 Knockbacks 1 | . . . . . . . 1 Impact 1 | . . . . . . . 1 Kinetic . | . . . . . . . . Secondary . | . . . . . . . . Self-Inflicted Damage . | . . . . . . . . Shots . | . . . . . . . . Rammed . | . . . . . . . . Targets Rammed 6 | . . . 2 4 . . . Kicked 6 | . . . 2 4 . . . Crushed . | . . . . . . . . Highest Temperature 253 | 72 . 7 253 . . . . Average Temperature 40 | 27 . 7 154 . . . . Received Heat Transfer 648 | . 216 147 99 51 . . 135 Siege Activations . | . . . . . . . . Robots Corrupted . | . . . . . . . . Combat Hostiles . | . . . . . . . . Parts Fried 2 | . . . . . . . 2 Impact Corruptions 4 | . . . . . . . 4 Robots Melted . | . . . . . . . . Combat Hostiles . | . . . . . . . . Parts Melted . | . . . . . . . . Heat Transferred 3090 | . 1165 445 1125 325 . 30 . Parts Sabotaged . | . . . . . . . . Parts Stolen . | . . . . . . . . Parts Stripped . | . . . . . . . . Power Chain Reactions . | . . . . . . . . Missiles Intercepted . | . . . . . . . . Alert | -11 -10 -10 -9 -9 -9 -8 -8 ------- Run | Jun Mat Min Mat Min Exi Min Mat Peak Influence 369 | 20 211 139 369 268 . 257 288 Initial 143 | . 13 23 37 143 . . 22 Average 111 | 5 60 94 195 228 . 75 113 Maximum Alert Level 1 | . 1 . 1 1 . 1 1 Low Security (%) 76 | 100 98 100 36 20 . 84 79 Level 1 23 | . 1 . 63 79 . 15 20 Level 2 . | . . . . . . . . Level 3 . | . . . . . . . . Level 4 . | . . . . . . . . Level 5 . | . . . . . . . . High Security . | . . . . . . . . Max Security . | . . . . . . . . Squads Dispatched 6 | . 1 . 2 . . 1 2 Investigation 1 | . . . 1 . . . . Extermination . | . . . . . . . . Reinforcement 4 | . 1 . 1 . . 1 1 Assault . | . . . . . . . . Garrison 1 | . . . . . . . 1 Intercept . | . . . . . . . . Searches Triggered . | . . . . . . . . Construction Impeded 1 | . . . . . . 1 . Haulers Reinforced . | . . . . . . . . Active Scanning Responses . | . . . . . . . . Cargo Convoy Interrupts . | . . . . . . . . Stealth | -11 -10 -10 -9 -9 -9 -8 -8 --------- Run | Jun Mat Min Mat Min Exi Min Mat Distress Signals 5 | . 2 . 1 . . . 2 Communications Jammed . | . . . . . . . . Distress Signals . | . . . . . . . . Times Spotted 90 | . 19 8 34 7 . 8 14 Peak Tracking Total 7 | . 4 2 7 3 . 4 4 Tactical Retreats 9 | . 2 . 4 . . . 3 Traps | -11 -10 -10 -9 -9 -9 -8 -8 ------- Run | Jun Mat Min Mat Min Exi Min Mat Traps Triggered 1 | . . . 1 . . . . Indirectly . | . . . . . . . . Trap Hack Attempts . | . . . . . . . . Triggered . | . . . . . . . . Disarmed . | . . . . . . . . Reprogrammed . | . . . . . . . . Reused . | . . . . . . . . Traps Extracted . | . . . . . . . . Installed . | . . . . . . . . Triggered . | . . . . . . . . Machines | -11 -10 -10 -9 -9 -9 -8 -8 ---------- Run | Jun Mat Min Mat Min Exi Min Mat Machines Disabled 2 | . . . . . . 2 . Max in Single Turn 1 | . . . . . . 1 . Machines Repaired . | . . . . . . . . Machines Sabotaged . | . . . . . . . . Overloaded Fab Kills . | . . . . . . . . Hacking | -11 -10 -10 -9 -9 -9 -8 -8 --------- Run | Jun Mat Min Mat Min Exi Min Mat Machines Accessed 19 | . 7 . 6 . 1 . 5 Terminals 18 | . 7 . 6 . . . 5 Fabricators . | . . . . . . . . Repair Stations . | . . . . . . . . Recycling Units . | . . . . . . . . Scanalyzers . | . . . . . . . . Garrison Access . | . . . . . . . . Total Hacks 83 | . 25 . 16 . 1 . 41 Successful 42 | . 14 . 8 . 1 . 19 Failed 41 | . 11 . 8 . . . 22 Catastrophic 7 | . 2 . 1 . . . 4 Database Lockouts . | . . . . . . . . Manual 59 | . 10 . 11 . 1 . 37 Terminals 82 | . 25 . 16 . . . 41 Fabricators . | . . . . . . . . Repair Stations . | . . . . . . . . Recycling Units . | . . . . . . . . Scanalyzers . | . . . . . . . . Garrison Access . | . . . . . . . . Terminal Hacks 29 | . 10 . 4 . 1 . 14 Record 1 | . . . 1 . . . . Part Schematic 1 | . . . . . . . 1 Robot Analysis 4 | . 1 . 1 . . . 2 Prototype ID Bank 2 | . 2 . . . . . . Level Access Points 1 | . . . . . . . 1 Branch Access Points 1 | . . . . . . . 1 Emergency Access Points 1 | . . . . . . . 1 Terminal Index 3 | . 1 . 1 . . . 1 Scanalyzer Index 1 | . . . . . . . 1 Alert Level 1 | . . . . . . . 1 Unreport Threat 1 | . . . . . . . 1 Locate Traps 6 | . 4 . 1 . . . 1 Hauler Manifests 2 | . 1 . . . . . 1 Registered Components 2 | . 1 . . . . . 1 Zone Layout 1 | . . . . . . . 1 EX-Prototype ID Bank 1 | . . . . . 1 . . Fabricator Hacks . | . . . . . . . . Repair Station Hacks . | . . . . . . . . Recycling Unit Hacks . | . . . . . . . . Scanalyzer . | . . . . . . . . Garrison Access Hacks . | . . . . . . . . Unauthorized Hacks 13 | . 4 . 4 . . . 5 Terminals 13 | . 4 . 4 . . . 5 Assimilate 1 | . . . . . . . 1 Botnet 11 | . 4 . 4 . . . 3 Operators 1 | . . . . . . . 1 Fabricators . | . . . . . . . . Repair Stations . | . . . . . . . . Recycling Units . | . . . . . . . . Scanalyzers . | . . . . . . . . Garrison Access . | . . . . . . . . Data Cores Recovered . | . . . . . . . . Used . | . . . . . . . . Hacking Detections 18 | . 7 . 6 . . . 5 Full Trace Events . | . . . . . . . . Feedback Events . | . . . . . . . . Feedback Blocked . | . . . . . . . . Robot Schematics Acquired . | . . . . . . . . Robots Built . | . . . . . . . . Authchips . | . . . . . . . . Time . | . . . . . . . . Total Robot Build Rating . | . . . . . . . . Part Schematics Acquired 1 | . . . . . . . 1 Parts Built . | . . . . . . . . Authchips . | . . . . . . . . Time . | . . . . . . . . Total Part Build Rating . | . . . . . . . . Parts Repaired . | . . . . . . . . Time . | . . . . . . . . Parts Recycled . | . . . . . . . . Recycled Matter . | . . . . . . . . Retrieved Matter . | . . . . . . . . Retrieved Components . | . . . . . . . . Parts Scanalyzed . | . . . . . . . . Part Schematics Acquired . | . . . . . . . . Parts Damaged . | . . . . . . . . Bothacking | -11 -10 -10 -9 -9 -9 -8 -8 ------------ Run | Jun Mat Min Mat Min Exi Min Mat Used RIF Installer . | . . . . . . . . Robots Hacked . | . . . . . . . . Non-combat . | . . . . . . . . Combat . | . . . . . . . . Robot Hacks Applied . | . . . . . . . . Relay Couplers Released . | . . . . . . . . Fabnet Peak Effective % . | . . . . . . . . Robots Rewired . | . . . . . . . . Allies Hacked . | . . . . . . . . Hacks Repelled . | . . . . . . . . Allies | -11 -10 -10 -9 -9 -9 -8 -8 -------- Run | Jun Mat Min Mat Min Exi Min Mat Total Allies 3 | . . 3 . . . . . Largest Group 3 | . . 3 2 . . . . Highest-Rated Group 40 | . . 40 24 . . . . Highest-Rated Ally 16 | . . 16 16 . . . . Total Orders . | . . . . . . . . Ally Attacks 44 | . . 29 15 . . . . Total Damage 498 | . . 318 180 . . . . Kills 6 | . . 3 3 . . . . Allies Corrupted . | . . . . . . . . Allies Melted . | . . . . . . . . Intel | -11 -10 -10 -9 -9 -9 -8 -8 ------- Run | Jun Mat Min Mat Min Exi Min Mat Robot Analysis Total 4 | . 1 . 1 . . . 2 Derelict Logs Recovered 2 | . . 1 . 1 . . . Drone Launches . | . . . . . . . . Drone Recoveries . | . . . . . . . . Exploration | -11 -10 -10 -9 -9 -9 -8 -8 ------------- Run | Jun Mat Min Mat Min Exi Min Mat Turns Passed 5392 | 209 1296 728 1096 277 294 690 802 Spaces Moved 4182 | 131 877 559 715 191 240 560 909 Core 7 | 7 . . . . . . . Treads 1 | . . . 1 . . . . Legs 2747 | 124 877 559 714 191 240 42 . Wheels 518 | . . . . . . 518 . Hover . | . . . . . . . . Flight 909 | . . . . . . . 909 Fastest Speed 50 | 50 120 120 120 120 120 83 50 Average Speed 101 | 116 120 120 120 120 120 92 50 Slowest Speed 190 | 120 120 120 190 120 120 120 50 Overloaded Moves . | . . . . . . . . Propulsion Burnouts . | . . . . . . . . Robots Hopped 4 | . . . . . . . 4 Cave-ins Triggered . | . . . . . . . . Exploration Rate (%) 59 | 6 98 92 54 30 62 87 48 Regions Visited 7 Branch Regions 4 Pre-discovered Areas 3 | . . 2 . 1 . . . Known Exits Taken 1 | . . . 1 . . . . Unknown Exits Taken 6 | 1 1 1 . 1 1 1 . Scrap Searched 4 | . . 1 . . . 3 . Spaces Dug 12 | . . . . . . . 12 Terrain Destroyed 104 | . . . . . . 68 36 Melee 12 | . . . . . . . 12 Projectile . | . . . . . . . . AOE 92 | . . . . . . 68 24 Terrain Rammed . | . . . . . . . . Walls Destroyed . | . . . . . . . . Machines Disabled . | . . . . . . . . Actions | -11 -10 -10 -9 -9 -9 -8 -8 --------- Run | Jun Mat Min Mat Min Exi Min Mat Total 5047 | 159 1059 592 877 217 246 719 1178 Wait 531 | . 96 15 81 5 . 139 195 Move 4167 | 130 876 558 714 190 239 559 901 Hop 4 | . . . . . . . 4 Pick Up 38 | . 9 1 10 . 2 4 12 Fast Attach 17 | 9 2 . 3 . . 2 1 Attach 15 | . 2 . 2 3 3 2 3 Detach 6 | 2 2 . 1 . . . 1 Swap 39 | . 15 2 14 2 1 . 5 Drop 53 | 1 20 3 13 2 1 3 10 Fire 130 | 17 37 13 37 11 . 10 5 Melee 41 | . . . . . . . 41 Ram . | . . . . . . . . Kick 6 | . . . 2 4 . . . Crush . | . . . . . . . . Escape Stasis . | . . . . . . . . Rewire . | . . . . . . . . Trap . | . . . . . . . . Miscellaneous . | . . . . . . . . Route ------- -11/Junkyard -10/Materials (discovered 5 exits: *Mat x3 / [*Min x2]) -10/Mines (discovered 2 exits: *Mat x2) -9/Materials (discovered 3 exits: *Mat / *Min x2) -9/Mines (discovered 2 exits: *Mat / *Exi) -9/Exiles (discovered 2 exits: [*Min x2]) -8/Mines (discovered 2 exits: *Mat x2) -8/Materials (discovered 3 exits: *Fac x3) History --------- Turn | Location | Event 4 | -11/Junkyard | Discovered new exit (range 14) 210 | -11/Junkyard | Entered Materials 281 | -10/Materials | Discovered new exit (range 16) 306 | -10/Materials | Build established: Mutant 503 | -10/Materials | Discovered new exit (range 16) 756 | -10/Materials | Discovered new exit (range 16) 1124 | -10/Materials | Discovered new exit (range 15) 1288 | -10/Materials | Discovered new exit (range 9) 1506 | -10/Materials | Entered Mines 1509 | -10/Mines | Discovered new exit (range 15) 1522 | -10/Mines | Assisted by bots powering up and referring to "LRC-V3" 1540 | -10/Mines | Learned location of Zion (-7) 1743 | -10/Mines | Received a Rocket Launcher from a helpful Derelict 1968 | -10/Mines | Discovered new exit (range 15) 2014 | -10/Mines | Learned location of Storage (-7) 2234 | -10/Mines | Entered Materials 2234 | -9/Materials | Accompanied by 2 allies 2234 | -9/Materials | Evolved 2 slots: Propulsion x1, Utility x1 2345 | -9/Materials | Discovered new exit (range 10) 2777 | -9/Materials | Identified exit to Mines 3095 | -9/Materials | Discovered new exit (range 13) 3266 | -9/Materials | Discovered exit to Mines (range 7) 3330 | -9/Materials | Entered Mines 3343 | -9/Mines | Met a Derelict bent on vengeance 3433 | -9/Mines | Discovered new exit (range 7) 3484 | -9/Mines | Deemed a non-threat by the Exiles lab entrance 3485 | -9/Mines | Discovered new exit (range 5) 3553 | -9/Mines | Assembled infested the area 3607 | -9/Mines | Entered Exiles 3619 | -9/Exiles | Lost 7 parts (1p3n1u2w) 3626 | -9/Exiles | Discovered new exit (range 15) 3638 | -9/Exiles | Met 8R-AWN 3655 | -9/Exiles | Met EX-HEX 3695 | -9/Exiles | Met EX-BIN 3709 | -9/Exiles | Aligned with FarCom system 3710 | -9/Exiles | Given EX-Vault access code 3739 | -9/Exiles | Opened EX-Vault 3748 | -9/Exiles | Found Flying Fortress v7 3773 | -9/Exiles | Warned to stay clear of 0b10 Research branches 3810 | -9/Exiles | Met EX-DEC 3887 | -9/Exiles | Discovered new exit (range 14) 3901 | -9/Exiles | Left Exiles lab with Flying Fortress v7 3901 | -9/Exiles | Entered Mines 4046 | -8/Mines | Discovered new exit (range 8) 4247 | -8/Mines | Build established: Scavenger-Mutant 4361 | -8/Mines | Discovered new exit (range 14) 4587 | -8/Mines | Build established: Mutant 4591 | -8/Mines | Entered Materials 4591 | -8/Materials | Evolved 2 slots: Propulsion x1, Utility x1 4794 | -8/Materials | Identified exit to Factory 5083 | -8/Materials | Build established: Hacker-Mutant 5365 | -8/Materials | Garrison activated, responded to threat 5393 | -8/Materials | Self-destructed Last Messages --------------- 05324_ Acquired Imp. Terrain Scan Processor. 05326_ Connecting with Terminal... >>Layout(Zone) Retrieving Zone 9K layout... Downloaded map data. 05326_ Connecting with Terminal... >>Access(Emergency) Found 2 emergency access doors: (62,15) (60,15) Map updated. 05346_ ALERT: Hostiles spotted, dispatching reinforcements to Terminal M001. 05365_ G-47 Trooper calls for garrison reinforcements. 05365_ ALERT: Activating Garrison Access M001. 05382_ Destroyed Particle Gun. 05382_ G-47 Trooper system corrupted by crushing effect. 05388_ G-47 Trooper knocked back. 05388_ U-05 Engineer builds a Wall. 05391_ Atomic Centrifuge disabled. Map ----- +----------------------------------------------------+ | # R" + # #???????????? | | # # """ # #### ########???????????? | | # # # #??# #??????????????????? | | # ############# ###??# #????????????????o?? | | # ############# #????# #??????????????????? | | # # ## # #????# #??????????????????? | | # # # # ######+## #??????????????????? | | # # # # # ## #??????????????????? | | # # # # # ## #??????????????????? | | # # + # ## #??????????????????? | | # # # # # ## #??????????????????? | | # ###+######### # ## #??????????????????? | | # # ## #??????????????????? | | # + ## #??????????????????? | | # # ## #??????????????????? | | #######+########### ## ##?????????????????? | | ??????# [#????# # #####?????????????? | | ??????#""" !#????# # w ??????????????? | | ??????#""" !#????# # ???????????????? | | ??????#""" #????# # C ???g????????????? | | ??????# #????######## #?????????o???????? | | ??????# #????######### ##?????????????????? | | ??????########????#[ u #u #??????????????????? | | ??????????????????# """ # #??????????????????? | | ??????????????????# """ g #??????????????????? | | ??????????????????# "" @# #??????????????????? | | ??????????????????#= # #??????????????????? | | ??????????????????######### #??????????????????? | | ??????????????????????????? #??????????????????? | | ????????????????????????????? #??????????????????? | | ????????????????????????????? #??????????????????? | | ??????????????????????????????#??????????????????? | | ?????????????????????????????????????????????????? | | ?????????????????????????????????????????????????? | | ?????????????????????????????????????????????????? | | ?????????????????????????????????????????????????? | | ?????????????????????????????????????????????????? | | ?????????????????????????????????????????????????? | | ?????????????????????????????????????????????????? | | ?????????????????????????????????????????????????? | | ?????????????????????????????????????????????????? | | ?????????????????????????????????????????????????? | | ##???????????????????????????g???????????????????? | | ???????????????????????????????????????o???????? | | ????????????????????????????????????!?????????? | | ??????????????????????????????????????????????? | | ??????????????????????????????????????????????? | | ?????????????????????????????????????????????????? | | ?????????????????????????????????????????????????? | | ?????????????????????????????????????????????????? | +----------------------------------------------------+ Best States ------------- Heat Dissipation 72 Energy Generation 14 Energy Capacity 275 Matter Stores 300 Matter Capacity 300 Sight Range 16 Terrain Scan Range 16 Terrain Scan Density 10 Armor Coverage 150 Weapon Shielding 33 Evasion (%) 68 Melee Accuracy 5 Offensive Hacking 10 Defensive Hacking 10 Item Schematics ----------------- Propulsion Shielding | -8/Materials | Hacked Robot Schematics ------------------ None Fabricated ------------ Nothing Alien Tech Used ----------------- None Achievements -------------- None Challenges ------------ None Game ------ Seed SupercompositeFlightPod Manual? 0 Play Time 01:13:35 Cumulative 100.2 hours Start 2023.09.23 @ 15:07:55 End 2023.09.23 @ 16:47:37 Sessions 1 Manual Loads 0 Difficulty Rogue Special Mode None Game No. 105 Rogue 105 Adventurer 0 Explorer 0 Win Type - Total 0 Types 0/0/0/0/0/0/0/0/0 Lore% 37 Gallery% 39 Achievement% 31 Wizard Run 0 Options --------- ASCII 1 Keyboard 1 Movement Numpad Keybinds 0 Fullscreen 1 Font 18/SmallcapsGlow Map View 76x50 Tactical HUD 1 Map Filters NONE Filters NONE Steam 1 RUN: dfc4f9cd-cba4-4437-ae8a-eab609e3aa4d